Cogmind - Beta 13 @@@ ROGUE MODE // 2024.04.16 @ 23:41:43 Player: SVIT13 Result: Destroyed by 82-63C(R) with Subdweller Laser Performance ------------- Evolutions (0) 0 Regions Visited (3) 600 Robots Destroyed (29) 145 Value Destroyed (888) 888 Prototype IDs (3) 60 Alien Tech Used (0) 0 Bonus (0) 0 TOTAL SCORE: 1693 Bonus ------- None Cogmind --------- Core Integrity 0/250 Matter 82/300 Energy 121/125 System Corruption 0% Temperature Cool (6) Movement Treading (160) Location -10/Subcaves Parts ------- > --- POWER (1) -------- Light Ion Engine > --- PROPULSION (2) --- Light Treads Light Treads > --- UTILITY (2) ------ Large Storage Unit Hacking Suite > --- WEAPON (2) ------- Light Cannon Light Cannon > --- INVENTORY (15) --- Ion Engine Wheel Hover Unit Hover Unit Makeshift Flight Unit Small Storage Unit Subdweller Optics Targeting Computer Scrap Shield EM Pulse Gun Subdweller Shrapnel Launcher Mining Laser Makeshift Hammer Peak State ------------ > --- POWER ------------ Light Ion Engine > --- PROPULSION ------- Light Treads Light Treads > --- UTILITY ---------- Large Storage Unit Hacking Suite > --- WEAPON ----------- Subdweller Shrapnel Launcher Subdweller Shrapnel Launcher > --- INVENTORY -------- Ion Engine Wheel Hover Unit Hover Unit Makeshift Flight Unit Small Storage Unit Subdweller Optics Targeting Computer Propulsion Shielding Scrap Shield EM Pulse Gun Light Cannon Light Cannon Mining Laser [Rating: 13] Favorites ----------- Power Ion Engine Engine Ion Engine Power Core Light Nuclear Core Propulsion Light Treads Treads Light Treads Utility Hacking Suite Device Tractor Beam Storage Large Storage Unit Hackware Hacking Suite Weapon Light Cannon Energy Gun EM Pulse Gun Ballistic Gun Light Assault Rifle Ballistic Cannon Light Cannon Launcher Subdweller Shrapnel Launcher Special Weapon Mining Laser Build | -11 -10 -10 -10 ------- Run | Yrd Mat Min Sub Slots Evolved . | . . . . Power . | . . . . Propulsion . | . . . . Utility . | . . . . Weapon . | . . . . Parts Attached 31 | 7 7 4 13 Power 4 | 1 2 . 1 Engine 3 | 1 1 . 1 Core 1 | . 1 . . Reactor . | . . . . Propulsion 5 | 2 1 . 2 Treads 5 | 2 1 . 2 Leg . | . . . . Wheel . | . . . . Hover . | . . . . Flight . | . . . . Utility 4 | 2 2 . . Device 1 | 1 . . . Storage 2 | 1 1 . . Processor . | . . . . Hackware 1 | . 1 . . Protection . | . . . . Artifact . | . . . . Weapon 18 | 2 2 4 10 Energy Gun 2 | . 1 1 . Energy Cannon . | . . . . Ballistic Gun 2 | 2 . . . Ballistic Cannon 8 | . 1 2 5 Launcher 5 | . . . 5 Special Weapon 1 | . . 1 . Impact Weapon . | . . . . Slashing Weapon . | . . . . Piercing Weapon . | . . . . Special Melee Weapon . | . . . . Unidentified Prototypes . | . . . . Parts Lost 7 | . 1 1 5 Power 2 | . 1 . 1 Propulsion 2 | . . . 2 Utility . | . . . . Weapon 3 | . . 1 2 Highest Loss Streak 4 | . 1 1 4 To Critical Strikes . | . . . . Average Slot Usage (%) 99 | . 99 99 98 Engine 13 | . 12 14 13 Treads 27 | . 27 28 27 Storage 14 | . 14 14 14 Hackware 13 | . 13 14 14 Energy Gun 6 | . 10 4 . Ballistic Gun 4 | . 9 . . Ballistic Cannon 12 | . 7 19 11 Launcher 3 | . . . 15 Special Weapon 1 | . . 3 . Naked Turns . | . . . . Heaviest Build 39 | 11 30 31 39 Greatest Support 40 | 40 40 40 40 Greatest Overweight (x) 1 | . . . 1 Average Overweight (x) . | . . . . Largest Inventory Capacity 15 | 8 15 15 15 Average Capacity 13 | 7 11 15 15 Most Carried 15 | 5 9 13 15 Average Carried 9 | 1 5 10 13 Final Capacity 15 | 8 15 15 15 Final Carried 14 | 2 9 13 14 Class Distribution -------------------- 100% | Mutant Dominant Class ---------------- Mutant | -10/Materials Mutant | -10/Mines Mutant | -10/Subcaves Resources | -11 -10 -10 -10 ----------- Run | Yrd Mat Min Sub Matter Collected 953 | 280 179 127 367 Remotely 60 | 54 6 . . Salvage Created 909 | 91 501 165 152 Parts 43 | 2 25 12 4 Haulers Intercepted 1 | . 1 . . Recyclers Shooed 1 | . 1 . . Parts Field Recycled . | . . . . Retrieved Matter . | . . . . Parts Self-Destructed 4 | . . . 4 Prevented . | . . . . Kills | -11 -10 -10 -10 ------- Run | Yrd Mat Min Sub Combat Hostiles Destroyed 23 | . 7 7 9 Guns 5 | . 4 1 . Cannons 13 | . 3 6 4 AOE 5 | . . . 5 Classes Destroyed 7 | 1 4 1 1 Hauler 1 | . 1 . . Recycler 2 | 1 1 . . Operator 1 | . 1 . . Watcher 2 | . 2 . . Swarmer 3 | . . 3 . Grunt 11 | . 7 4 . Subdweller 9 | . . . 9 Best Kill Streak 4 | 1 3 3 4 Combat Bots Only 4 | . 2 3 4 Max Kills in Single Turn 2 | 1 1 1 2 Gunslinging . | . . . . Exploded 2 | . . . 2 Melee . | . . . . Uniques/NPCs Destroyed . | . . . . Combat | -11 -10 -10 -10 -------- Run | Yrd Mat Min Sub Hostile Shots Fired 118 | . 46 29 43 Missed 37 | . 13 8 16 Damage Taken 1254 | . 430 200 624 Core 265 | . 50 34 181 Absorbed by Shields . | . . . . Regen/Repaired (Parts) 63 | . 63 . . Core Remaining (%) 100 | 100 . . . Volleys Fired 114 | 5 59 25 25 Largest 2 | 2 2 2 2 Hottest 100 | 40 75 100 80 Shots Fired 204 | 10 118 32 44 Gun 115 | 10 99 6 . Cannon 67 | . 19 23 25 Launcher 19 | . . . 19 Special 3 | . . 3 . Kinetic 164 | 10 87 23 44 Thermal 3 | . . 3 . Explosive . | . . . . Electromagnetic 37 | . 31 6 . Robot Hit Streak 16 | 2 8 6 16 Robot Miss Streak 6 | 3 4 6 2 Penetration Max . | . . . . Secondary Targets 2 | . 2 . . Max Gunslinging Chain 1 | . 1 . . Shots Hit Robots 118 | 4 78 15 21 Core Hits 56 | 2 28 8 18 Critical Kills 1 | . 1 . . Critical Parts Destroyed . | . . . . Critical Strikes 3 | . 3 . . Destroy 1 | . 1 . . Blast 2 | . 2 . . Melee Attacks . | . . . . Impact . | . . . . Slashing . | . . . . Piercing . | . . . . Sneak Attacks . | . . . . Combat Hostiles . | . . . . Follow-up Attacks . | . . . . Damage Inflicted 2561 | 29 956 259 1317 Guns 699 | 29 646 24 . Cannons 741 | . 262 235 244 Explosions 1113 | . 40 . 1073 Melee . | . . . . Ramming 8 | . 8 . . Kinetic 2190 | 29 609 235 1317 Thermal 40 | . 40 . . Explosive . | . . . . Electromagnetic 323 | . 299 24 . Impact . | . . . . Slashing . | . . . . Piercing . | . . . . Highest Corruption . | . . . . Average Corruption . | . . . . Corruption Purged . | . . . . Corruption Blocked . | . . . . Overload Shots . | . . . . Overflow Damage 42 | . 9 . 33 Projectiles . | . . . . Explosions 42 | . 9 . 33 Melee . | . . . . Knockbacks 12 | . 7 1 4 Impact 1 | . 1 . . Kinetic 11 | . 6 1 4 Secondary . | . . . . Self-Inflicted Damage 74 | . . . 74 Shots 3 | . . . 3 Rammed 1 | . 1 . . Targets Rammed 1 | . 1 . . Kicked . | . . . . Crushed . | . . . . Highest Temperature 174 | . 174 90 . Average Temperature 35 | . 37 30 . Received Heat Transfer 450 | . 249 45 156 Siege Activations . | . . . . Robots Corrupted . | . . . . Combat Hostiles . | . . . . Parts Fried 1 | . 1 . . Impact Corruptions . | . . . . Robots Melted . | . . . . Combat Hostiles . | . . . . Parts Melted . | . . . . Heat Transferred . | . . . . Parts Sabotaged . | . . . . Parts Stolen . | . . . . Parts Stripped . | . . . . Power Chain Reactions 1 | . 1 . . Alert | -11 -10 -10 -10 ------- Run | Yrd Mat Min Sub Peak Influence 159 | 5 159 73 . Initial 13 | . 3 13 . Average 39 | 3 49 28 . Maximum Alert Level . | . . . . Low Security (%) 100 | 100 100 100 . Level 1 . | . . . . Level 2 . | . . . . Level 3 . | . . . . Level 4 . | . . . . Level 5 . | . . . . High Security . | . . . . Max Security . | . . . . Squads Dispatched 1 | . 1 . . Investigation . | . . . . Extermination . | . . . . Reinforcement 1 | . 1 . . Assault . | . . . . Garrison . | . . . . Intercept . | . . . . Searches Triggered . | . . . . Construction Impeded . | . . . . Haulers Reinforced . | . . . . Active Scanning Responses . | . . . . Cargo Convoy Interrupts . | . . . . Stealth | -11 -10 -10 -10 --------- Run | Yrd Mat Min Sub Distress Signals . | . . . . Communications Jammed . | . . . . Distress Signals . | . . . . Times Spotted 34 | . 18 5 11 Peak Tracking Total 3 | . 3 3 3 Tactical Retreats . | . . . . Traps | -11 -10 -10 -10 ------- Run | Yrd Mat Min Sub Traps Triggered . | . . . . Indirectly . | . . . . Trap Hack Attempts . | . . . . Triggered . | . . . . Disarmed . | . . . . Reprogrammed . | . . . . Reused . | . . . . Traps Extracted . | . . . . Installed . | . . . . Triggered 1 | . . . 1 Machines | -11 -10 -10 -10 ---------- Run | Yrd Mat Min Sub Machines Disabled 1 | . 1 . . Max in Single Turn 1 | . 1 . . Machines Repaired . | . . . . Machines Dismantled . | . . . . Machines Sabotaged . | . . . . Overloaded Fab Kills . | . . . . Hacking | -11 -10 -10 -10 --------- Run | Yrd Mat Min Sub Machines Accessed 9 | . 8 1 . Terminals 7 | . 6 1 . Fabricators . | . . . . Repair Stations 1 | . 1 . . Recycling Units 1 | . 1 . . Scanalyzers . | . . . . Garrison Access . | . . . . Total Hacks 22 | . 21 1 . Successful 18 | . 17 1 . Failed 4 | . 4 . . Catastrophic . | . . . . Database Lockouts . | . . . . Manual . | . . . . Terminals 13 | . 12 1 . Fabricators . | . . . . Repair Stations 3 | . 3 . . Recycling Units 6 | . 6 . . Scanalyzers . | . . . . Garrison Access . | . . . . Terminal Hacks 10 | . 9 1 . Prototype ID Bank 1 | . 1 . . Emergency Access Points 1 | . 1 . . Terminal Index 1 | . 1 . . Alert Level 2 | . 2 . . Recall Assault 1 | . 1 . . Hauler Manifests 2 | . 2 . . Zone Layout 2 | . 1 1 . Fabricator Hacks . | . . . . Repair Station Hacks 3 | . 3 . . Scan Component 2 | . 2 . . Repair 1 | . 1 . . Recycling Unit Hacks 5 | . 5 . . Recycle Component 1 | . 1 . . Process 1 | . 1 . . Report Inventory 1 | . 1 . . Retrieve Matter 2 | . 2 . . Scanalyzer . | . . . . Garrison Access Hacks . | . . . . Unauthorized Hacks . | . . . . Terminals . | . . . . Fabricators . | . . . . Repair Stations . | . . . . Recycling Units . | . . . . Scanalyzers . | . . . . Garrison Access . | . . . . Data Cores Recovered 1 | . 1 . . Used . | . . . . Hacking Detections 5 | . 4 1 . Full Trace Events 2 | . 2 . . Feedback Events . | . . . . Feedback Blocked . | . . . . Robot Schematics Acquired . | . . . . Robots Built . | . . . . Authchips . | . . . . Time . | . . . . Total Robot Build Rating . | . . . . Part Schematics Acquired . | . . . . Parts Built . | . . . . Authchips . | . . . . Time . | . . . . Total Part Build Rating . | . . . . Parts Repaired 1 | . 1 . . Time 26 | . 26 . . Parts Recycled 1 | . 1 . . Recycled Matter 62 | . 62 . . Retrieved Matter 62 | . 62 . . Retrieved Components . | . . . . Parts Scanalyzed . | . . . . Part Schematics Acquired . | . . . . Parts Damaged . | . . . . Bothacking | -11 -10 -10 -10 ------------ Run | Yrd Mat Min Sub Used RIF Installer . | . . . . Robots Hacked . | . . . . Non-combat . | . . . . Combat . | . . . . Robot Hacks Applied . | . . . . Relay Couplers Released . | . . . . Fabnet Peak Effective % . | . . . . Robots Rewired . | . . . . Allies Hacked . | . . . . Hacks Repelled . | . . . . Allies | -11 -10 -10 -10 -------- Run | Yrd Mat Min Sub Total Allies . | . . . . Largest Group . | . . . . Highest-Rated Group . | . . . . Highest-Rated Ally . | . . . . Total Orders . | . . . . Ally Attacks . | . . . . Total Damage . | . . . . Kills . | . . . . Allies Corrupted . | . . . . Allies Melted . | . . . . Intel | -11 -10 -10 -10 ------- Run | Yrd Mat Min Sub Robot Analysis Total . | . . . . Derelict Logs Recovered 1 | . . 1 . Drone Launches . | . . . . Drone Recoveries . | . . . . Exploration | -11 -10 -10 -10 ------------- Run | Yrd Mat Min Sub Turns Passed 3550 | 96 1516 1275 663 Spaces Moved 1794 | 54 800 594 346 Core 17 | 17 . . . Treads 1777 | 37 800 594 346 Legs . | . . . . Wheels . | . . . . Hover . | . . . . Flight . | . . . . Fastest Speed 50 | 50 160 160 160 Average Speed 159 | 125 160 160 160 Slowest Speed 240 | 160 160 160 240 Overloaded Moves . | . . . . Propulsion Burnouts . | . . . . Robots Hopped . | . . . . Cave-ins Triggered . | . . . . Exploration Rate (%) 53 | 3 95 90 25 Regions Visited 3 Branch Regions 2 Pre-discovered Areas 1 | . . 1 . Known Exits Taken . | . . . . Unknown Exits Taken 3 | 1 1 1 . Scrap Searched 10 | . . 1 9 Spaces Dug . | . . . . Terrain Destroyed 239 | . 3 . 236 Melee . | . . . . Projectile . | . . . . AOE 239 | . 3 . 236 Terrain Rammed . | . . . . Walls Destroyed . | . . . . Machines Disabled . | . . . . Actions | -11 -10 -10 -10 --------- Run | Yrd Mat Min Sub Total 2291 | 74 930 879 408 Wait 311 | . 48 252 11 Move 1791 | 53 799 593 346 Hop . | . . . . Pick Up 36 | 9 13 5 9 Fast Attach . | . . . . Attach 15 | 7 2 1 5 Detach . | . . . . Swap 16 | . 5 3 8 Drop 7 | . 3 . 4 Fire 114 | 5 59 25 25 Melee . | . . . . Ram . | . . . . Kick . | . . . . Crush 1 | . 1 . . Escape Stasis . | . . . . Rewire . | . . . . Trap . | . . . . Miscellaneous . | . . . . Route ------- -11/Scrapyard -10/Materials (discovered 5 exits: [*Mat x3] / *Min x2) -10/Mines (discovered 3 exits: [*Mat x2] / [*Sub]) -10/Subcaves (discovered 1 exit: [*Mat]) History --------- Turn | Location | Event 11 | -11/Scrapyard | Discovered new exit (range 16) 97 | -11/Scrapyard | Entered Materials 188 | -10/Materials | Discovered new exit (range 16) 315 | -10/Materials | Build established: Mutant 505 | -10/Materials | Discovered new exit (range 16) 552 | -10/Materials | Repaired Lgt. Treads 753 | -10/Materials | Discovered new exit (range 12) 961 | -10/Materials | Discovered new exit (range 10) 1405 | -10/Materials | Discovered new exit (range 8) 1613 | -10/Materials | Entered Mines 2130 | -10/Mines | Discovered new exit (range 8) 2590 | -10/Mines | Excavation squad dispatched 2590 | -10/Mines | A large section of the Mines collapsed 2838 | -10/Mines | Discovered new exit (range 6) 2877 | -10/Mines | Discovered new exit (range 7) 2888 | -10/Mines | Entered Subcaves 2982 | -10/Subcaves | Core integrity fell below 50% 3128 | -10/Subcaves | Discovered new exit (range 6) 3158 | -10/Subcaves | Core integrity fell below 20% 3190 | -10/Subcaves | Lost 4 parts (1p2n1w) 3383 | -10/Subcaves | Ambushed by Subdweller buried in earth 3551 | -10/Subcaves | Destroyed by 82-63C(R) with Subdweller Laser Last Messages --------------- 03423_ Acquired 29 matter. 03424_ Searching scrap... 03424_ Found Sub. Laser. 03424_ Found 28 Matter. 03425_ Acquired 28 matter. 03426_ Searching scrap... 03426_ Found Mak. Hammer. 03426_ Found Scrap Shield. 03426_ Found 29 Matter. 03427_ Acquired 29 matter. 03429_ Dropped Battle Rifle. 03429_ Acquired Scrap Shield. 03430_ Dropped Propulsion Shielding. 03432_ Acquired Mak. Hammer. 03516_ SA-Y8N(R): "OHNO!" 03538_ 82-63C(R): "ARGHSUB!" 03539_ Sub. Shrapnel Launcher destroyed. 03543_ The unstable cave ceiling collapses. 03544_ Sub. Shrapnel Launcher shoots sparks and powers down. Map ----- +----------------------------------------------------+ | ??????????????????????????????????????????????? ? | | ??????????????????????????????????????????????? ? | | ????????????????????????###????????????????????#?? | | ???????????????????????? #??????????????????????? | | ???????????????????????? ??????????????????????? | | ???????????????????????? ??????????????????????? | | ???????????????????????? #?????????????????###### | | ???????????????????????? #????????????????## "## | | ???????????????????????? ##???????????????# [" = | | ???????????????????????# #???????????????##[ [ | | ??????????? ????####??? ;???????????????#*[""" | | ???????? ## ?## ##; ;;#??????????????## #" | | ???????? # #;; ;#???????????????###" | | ????????? $ ;#?????????????????#" | | ????????? ## #?????????????????#" | | ??????? #?????????????????#" # | | ??????? #?????????????????#### | | ??????? % ##### #????????????????????? | | ??????????????????# #????????????????????? | | ??????????????????# ?????????????????????? | | ??????????????????# R ?????????????????????# | | ??????????????????# ##???????????????####?# | | ??????????????????# #R #??????######???# ### | | ??????????????????# #??????# "##??# ## | | ??????????????????# ;;; ;#???#####![& #??## # | | ??????????????????????# @ #????# "[& ##### | | ??????????????????????# ####??# # # | | ??????????????????????# #### " " | | ?????????????????????### ## | | ????????????????????## # | | ????????????????????# = ! | | ????????????????????# ! & | | ???????????????????## # # # | | ???????????????????# # ##### #" ### | | ??????????????????## #???# ### #?? | | ?????????????????## ##???# #?# #?? | | ?????????????????# #????# #?## " #? | | ?????????????????# # #????# #??##### ##? | | ?????????????????###### ##### #??????##########?? | | ??????????????????????# #?????????????????? | | ??????????????????????##########?????????????????? | | ?????????????????????????????????????????????????? | | ?????????????????????????????????????????????????? | | ?????????????????????????????????????????????????? | | ?????????????????????????????????????????????????? | | ?????????????????????????????????????????????????? | | ?????????????????????????????????????????????????? | | ?????????????????????????????????????????????????? | | ?????????????????????????????????????????????????? | | ?????????????????????????????????????????????????? | +----------------------------------------------------+ Best States ------------- Heat Dissipation 25 Energy Generation 14 Energy Capacity 250 Matter Stores 300 Matter Capacity 300 Sight Range 16 Terrain Scan Density 10 Evasion (%) 50 Recoil Reduction 2 Offensive Hacking 10 Item Schematics ----------------- None Robot Schematics ------------------ None Fabricated ------------ Nothing Alien Tech Used ----------------- None Achievements -------------- None Challenges ------------ None Game ------ Seed GunSignalFlakker Manual? 0 Play Time 00:33:13 Cumulative 10.4 hours Start 2024.04.16 @ 23:09:05 End 2024.04.16 @ 23:41:43 Sessions 1 Manual Loads 0 Difficulty Rogue Special Mode None Game No. 17 Rogue 17 Adventurer 0 Explorer 0 Win Type - Total 0 Types 0/0/0/0/0/0/0/0/0 Lore% 4 Gallery% 12 Achievement% 13 Wizard Run 0 Options --------- Layout 1 ASCII 0 Keyboard 0 Movement Numpad Keybinds 0 Fullscreen 1 Font 24/Smallcaps Map View 50x35 Zoom Use 0% Tactical HUD 1 Map Filters NONE Filters NONE Steam 1 RUN: 061af0c1-1f36-424f-858e-a80ed84d6608